[Event "Belt and Road Women 2024"]
[Site "Yuecheng Shaoxing"]
[Date "2024.07.25"]
[Round "2.2"]
[White "Zhai, Mo"]
[Black "Wagner, Dinara"]
[Result "1/2-1/2"]
[ECO "D38"]
[WhiteElo "2348"]
[BlackElo "2454"]
[Annotator "RC"]
[PlyCount "76"]
[EventDate "2024.08.01"]
[EventType "swiss"]
[EventCountry "CHN"]
[SourceTitle "playchess.com"]
[Source "ChessBase"]
[SourceQuality "1"]
[TimeControl "5400+30"]

1. d4 Nf6 2. c4 e6 3. Nf3 d5 4. Nc3 Bb4 5. cxd5 exd5 6. Bg5 O-O 7. e3 c5 8. dxc5 Nbd7 9. Be2 Qa5 10. Bxf6 Nxf6 11. O-O Bxc3 12. bxc3 Qxc5 13. Qd4 b6 14. a4 Be6 15. a5 Rfc8 16. Ba6 Rc7 17. axb6 axb6 18. Bd3 Rac8 19. Rab1 Qxc3 20. Rxb6 Nd7 21. Rb4 Qxd4 22. Nxd4 Ne5 23. Be2 Nc6 24. Nxc6 Rxc6 25. h3 g6 26. g4 Rc2 27. Bf3 R2c4 28. Rfb1 g5 29. Kg2 Kg7 30. Rb5 R8c5 31. Kg3 h6 32. Rxc5 Rxc5 33. Rb8 Ra5 34. Rd8 Rc5 35. Rb8 Kf6 36. h4 Rc2 37. hxg5+ hxg5 38. Rb5 Ke5 1/2-1/2

[Event "Belt and Road Women 2024"]
[Site "Yuecheng Shaoxing"]
[Date "2024.07.25"]
[Round "2.3"]
[White "Garifullina, Leya"]
[Black "Velikic, Adela"]
[Result "1/2-1/2"]
[ECO "E08"]
[WhiteElo "2458"]
[BlackElo "2290"]
[Annotator "TA"]
[PlyCount "102"]
[EventDate "2024.08.01"]
[EventType "swiss"]
[EventCountry "CHN"]
[SourceTitle "playchess.com"]
[Source "ChessBase"]
[SourceQuality "1"]
[TimeControl "5400+30"]

1. d4 d5 2. c4 e6 3. Nf3 Nf6 4. g3 Bb4+ 5. Bd2 Be7 6. Bg2 O-O 7. O-O Nbd7 8. Qc2 c6 9. Bf4 a5 10. Rd1 a4 11. a3 Nb6 12. c5 {[%emt 0:09:48] White has an edge.} Nc4 13. Nc3 Qa5 (13... b6 $11) 14. e4 Bd7 15. e5 Ne8 16. Ng5 ({White should play} 16. Bf1) 16... g6 $16 17. Nce4 Qd8 18. h4 Na5 (18... b6 $14) 19. Nd6 {[%emt 0:02:44] White has more active pieces.} (19. Nc3 $1 $16) 19... Nb3 20. Rab1 b6 21. Nf3 Ng7 22. Be3 ({White should try} 22. Rd3 $14) 22... bxc5 {[%emt 0:03:35] White should prevent ...Bxd6.} 23. dxc5 Nf5 24. Nxf5 (24. Bd2 $11 {remains equal.}) 24... exf5 $17 25. Nd4 {[%emt 0:03:47] [#]} f4 $1 ({Don't do} 25... Bxc5 26. Nxc6 (26. Nxb3 Bxe3 27. Nd4 Bxd4 $17) 26... Bxc6 27. Bxc5 $15) 26. gxf4 {[%emt 0:07:34] [#]} Nxd4 $1 27. Bxd4 Bf5 ({Reject} 27... Bxh4 $6 28. b4 $11) 28. Qe2 Bxb1 ({Don't take} 28... Bxh4 29. b4 $15) 29. Rxb1 Bxh4 30. Qf3 f5 31. Bf1 Be7 32. Bd3 Qa5 33. Qe3 Rab8 34. Kg2 Rb3 35. Rd1 Qa7 (35... Re8 $17) 36. Rc1 Re8 37. Qd2 Bf8 38. Qc2 Bh6 39. Kf3 Reb8 40. Rh1 Bf8 41. Ke2 (41. Kg2 $17) 41... Qb7 (41... Rxd3 $19 42. Kxd3 Rb5) 42. Rg1 Kh8 (42... Bg7 $17 43. Kf1 Rxb2 44. Bxb2 Qxb2 45. Qxa4 Qb3) 43. Bxf5 $1 $11 {[%emt 0:01:41] The position is equal.} Rxb2 (43... Qb5+ {keeps more tension.} 44. Bd3 Rxb2 45. Bxb2 Qxb2 46. Rb1 Qxb1 47. Qxb1 Rxb1 48. Bxb1 Bxc5 49. Bc2 Bxa3 50. Bxa4 c5) 44. Bxb2 Qxb2 45. Rb1 Qxc2+ 46. Bxc2 Rxb1 47. Bxb1 Bxc5 {[%emt 0:00:09] KB-KB} 48. Bc2 Bxa3 49. Bxa4 c5 50. Bc6 c4 51. Bxd5 c3 {[%emt 0:00:26] Weighted Error Value: White=0.22 (precise) /Black=0.16 (very precise) .  Mistake:       	White=6     	Black=5      Inaccurate:     	White=4     	Black=2      OK:         	White=13    	Black=16     Best:        	White=2     	---        Strong:       	White=1     	Black=2} 1/2-1/2

[Event "Belt and Road Women 2024"]
[Site "Yuecheng Shaoxing"]
[Date "2024.07.25"]
[Round "2.4"]
[White "Ni, Shiqun"]
[Black "Badelka, Olga"]
[Result "1/2-1/2"]
[ECO "C72"]
[WhiteElo "2352"]
[BlackElo "2389"]
[Annotator "RC"]
[PlyCount "53"]
[EventDate "2024.08.01"]
[EventType "swiss"]
[EventCountry "CHN"]
[SourceTitle "playchess.com"]
[Source "ChessBase"]
[SourceQuality "1"]
[TimeControl "5400+30"]

1. e4 e5 2. Nf3 Nc6 3. Bb5 a6 4. Ba4 d6 5. O-O Bd7 6. c4 Nf6 7. Nc3 Be7 8. Re1 O-O 9. Bxc6 bxc6 10. d4 exd4 11. Qxd4 c5 12. Qd3 Bc6 13. e5 Ng4 14. Bf4 dxe5 15. Nxe5 Nxe5 16. Qxd8 Rfxd8 17. Bxe5 Rd7 18. Rad1 Rad8 19. Rxd7 Rxd7 20. f3 f6 21. Bg3 Kf7 22. Rd1 Bd6 23. Kf2 Ke6 24. Re1+ Kf7 25. Rd1 Ke6 26. Re1+ Kf7 27. Rd1 1/2-1/2

[Event "Belt and Road Women 2024"]
[Site "Yuecheng Shaoxing"]
[Date "2024.07.25"]
[Round "2.5"]
[White "Pham, Le Thao Nguyen"]
[Black "Kurmangaliyeva, Liya"]
[Result "0-1"]
[ECO "D66"]
[WhiteElo "2395"]
[BlackElo "2282"]
[Annotator "RC"]
[PlyCount "136"]
[EventDate "2024.08.01"]
[EventType "swiss"]
[EventCountry "CHN"]
[SourceTitle "playchess.com"]
[Source "ChessBase"]
[SourceQuality "1"]
[TimeControl "5400+30"]

1. d4 Nf6 2. c4 e6 3. Nc3 d5 4. Bg5 Be7 5. e3 h6 6. Bh4 O-O 7. Nf3 Nbd7 8. Rc1 c6 9. Bd3 dxc4 10. Bxc4 b5 11. Bd3 Bb7 12. O-O a5 13. a4 b4 14. Bxf6 gxf6 15. Ne4 f5 16. Ng3 c5 17. e4 f4 18. Nh5 cxd4 19. e5 Kh8 20. Re1 Nc5 21. Rxc5 Bxc5 22. Qc1 Be7 23. Qxf4 Bg5 24. Qg4 Rg8 25. Qh3 Rc8 26. Nf6 Bxf3 27. Nxg8 Bxg2 28. Kxg2 Qxg8 29. Re4 Qg7 30. Qg3 Bc1 31. Rg4 Qxg4 32. Qxg4 Rg8 33. Qxg8+ Kxg8 34. b3 Bf4 35. h3 Bxe5 36. Bc4 Kg7 37. Kf3 Kg6 38. Bb5 f5 39. Ke2 Bh2 40. h4 e5 41. Be8+ Kf6 42. Kd3 Bg1 43. f3 Bf2 44. h5 Kg5 45. Bg6 Kf4 46. Bh7 Bh4 47. Bg6 Bf6 48. Bh7 Bg7 49. Bg6 Kg5 50. Bf7 Bh8 51. Bg6 Bf6 52. Bf7 e4+ 53. fxe4 f4 54. e5 Bxe5 55. Ke4 Bg7 56. Kf3 d3 57. Bg6 d2 58. Bc2 Be5 59. Ke4 Bc7 60. Bd1 Bb6 61. Kf3 Be3 62. Kg2 Kf5 63. Kf3 Ke5 64. Kg4 Kd4 65. Kf5 Kc3 66. Ke4 Kb2 67. Kd3 Kc1 68. Ke2 f3+ 0-1

[Event "Belt and Road Women 2024"]
[Site "Yuecheng Shaoxing"]
[Date "2024.07.25"]
[Round "2.6"]
[White "Kairbekova, Amina"]
[Black "Lu, Miaoyi"]
[Result "1/2-1/2"]
[ECO "C56"]
[WhiteElo "2244"]
[BlackElo "2449"]
[Annotator "RC"]
[PlyCount "61"]
[EventDate "2024.08.01"]
[EventType "swiss"]
[EventCountry "CHN"]
[SourceTitle "playchess.com"]
[Source "ChessBase"]
[SourceQuality "1"]
[TimeControl "5400+30"]

1. e4 e5 2. Nf3 Nc6 3. d4 exd4 4. Bc4 Nf6 5. e5 Ne4 6. Qe2 Nc5 7. c3 Ne6 8. cxd4 Bb4+ 9. Nc3 d5 10. exd6 O-O 11. Be3 Re8 12. dxc7 Qxc7 13. O-O Nexd4 14. Nxd4 Nxd4 15. Qd3 Bxc3 16. Qxc3 Nf5 17. Rad1 Nd6 18. Bxf7+ Qxf7 19. Rxd6 Qxa2 20. h4 Qf7 21. Rd4 Bf5 22. Rf4 Re4 23. Rc1 Qd5 24. Qc5 Qxc5 25. Rxc5 Rxf4 26. Bxf4 Be4 27. Rc7 Rf8 28. Be5 Rf7 29. Rc8+ Rf8 30. Rc7 Rf7 31. Rc8+ 1/2-1/2

[Event "Belt and Road Women 2024"]
[Site "Yuecheng Shaoxing"]
[Date "2024.07.25"]
[Round "2.7"]
[White "Bai, Xue"]
[Black "Stefanova, Antoaneta"]
[Result "1/2-1/2"]
[ECO "C56"]
[WhiteElo "2114"]
[BlackElo "2417"]
[Annotator "RC"]
[PlyCount "112"]
[EventDate "2024.08.01"]
[EventType "swiss"]
[EventCountry "CHN"]
[SourceTitle "playchess.com"]
[Source "ChessBase"]
[SourceQuality "1"]
[TimeControl "5400+30"]

1. e4 e5 2. Nf3 Nc6 3. d4 exd4 4. Bc4 Nf6 5. Nxd4 Nxe4 6. Bxf7+ Kxf7 7. Qh5+ g6 8. Qd5+ Kg7 9. Nxc6 Qe8 10. Qe5+ Qxe5 11. Nxe5 Bb4+ 12. c3 Bc5 13. O-O Rf8 14. Nd3 Bb6 15. Nd2 Nd6 16. b4 c6 17. Bb2 Nf5 18. Nf3 Bd8 19. Rad1 Kg8 20. c4 a5 21. b5 d6 22. Rfe1 a4 23. h3 a3 24. Bc1 Ra4 25. g4 Ng7 26. Nd2 cxb5 27. cxb5 h5 28. Re4 Ra8 29. Nb3 hxg4 30. hxg4 d5 31. Rf4 Re8 32. Nb4 g5 33. Rfd4 Bf6 34. R4d3 Bxg4 35. Nxd5 Be5 36. f3 Bf5 37. Re3 Kf7 38. Nc5 Bb2 39. Rxe8 Nxe8 40. Bxg5 Ra5 41. Ne4 Rxb5 42. Ndc3 Rb6 43. Be3 Rc6 44. Nb5 Bxe4 45. fxe4 Nf6 46. e5 Bxe5 47. Rd3 Ng4 48. Rxa3 Rc2 49. Bd4 Bh2+ 50. Kf1 Bf4 51. Bg1 Kg6 52. Nd4 Rd2 53. Nf3 Rb2 54. Nh4+ Kh5 55. Nf3 b5 56. Rb3 Rxb3 1/2-1/2

[Event "Belt and Road Women 2024"]
[Site "Yuecheng Shaoxing"]
[Date "2024.07.25"]
[Round "2.8"]
[White "Beydullayeva, Govhar"]
[Black "Wang, Qinxuanyi"]
[Result "1/2-1/2"]
[ECO "A11"]
[WhiteElo "2417"]
[BlackElo "2149"]
[Annotator "RC"]
[PlyCount "60"]
[EventDate "2024.08.01"]
[EventType "swiss"]
[EventCountry "CHN"]
[SourceTitle "playchess.com"]
[Source "ChessBase"]
[SourceQuality "1"]
[TimeControl "5400+30"]

1. Nf3 d5 2. g3 Bg4 3. Bg2 c6 4. c4 e6 5. O-O Nd7 6. cxd5 cxd5 7. d3 Ngf6 8. Bf4 Be7 9. h3 Bh5 10. Nc3 O-O 11. g4 Bg6 12. Rc1 a6 13. Bg3 h6 14. Qd2 Rc8 15. Rc2 Nb6 16. Ne5 Bh7 17. Rfc1 Nfd7 18. Nf3 Bc5 19. e4 Qe7 20. exd5 exd5 21. a3 Rce8 22. Bh4 g5 23. Bg3 Bd6 24. Ne2 Ne5 25. Nxe5 Bxe5 26. Bxe5 Qxe5 27. Qb4 Re6 28. Qd4 Rfe8 29. Bf1 Qxd4 30. Nxd4 Re1 1/2-1/2

[Event "Belt and Road Women 2024"]
[Site "Yuecheng Shaoxing"]
[Date "2024.07.25"]
[Round "2.9"]
[White "Guo, Qi"]
[Black "Yang, Yijing"]
[Result "1/2-1/2"]
[ECO "A11"]
[WhiteElo "2362"]
[BlackElo "2022"]
[Annotator "RC"]
[PlyCount "42"]
[EventDate "2024.08.01"]
[EventType "swiss"]
[EventCountry "CHN"]
[SourceTitle "playchess.com"]
[Source "ChessBase"]
[SourceQuality "1"]
[TimeControl "5400+30"]

1. Nf3 d5 2. g3 c6 3. Bg2 Bg4 4. O-O Nf6 5. c4 e6 6. cxd5 exd5 7. d3 Be7 8. Nc3 Nbd7 9. h3 Bxf3 10. Bxf3 O-O 11. e4 dxe4 12. dxe4 Nc5 13. Be3 Re8 14. Qc2 Qd3 15. Qxd3 Nxd3 16. Be2 Nc5 17. e5 Nfd7 18. f4 a5 19. Rad1 Rad8 20. Kg2 g6 21. Rd2 Nf8 1/2-1/2

[Event "Belt and Road Women 2024"]
[Site "Yuecheng Shaoxing"]
[Date "2024.07.25"]
[Round "2.10"]
[White "Wang, Yu A."]
[Black "Xiao, Yiyi"]
[Result "0-1"]
[ECO "B73"]
[WhiteElo "2234"]
[BlackElo "2338"]
[Annotator "RC"]
[PlyCount "98"]
[EventDate "2024.08.01"]
[EventType "swiss"]
[EventCountry "CHN"]
[SourceTitle "playchess.com"]
[Source "ChessBase"]
[SourceQuality "1"]
[TimeControl "5400+30"]

1. e4 c5 2. Nf3 d6 3. d4 cxd4 4. Nxd4 Nf6 5. Nc3 Nc6 6. Be2 g6 7. O-O Bg7 8. Be3 O-O 9. Qd2 Bd7 10. Nxc6 Bxc6 11. f3 Qc7 12. Nd5 Bxd5 13. exd5 Nd7 14. c4 a5 15. Rac1 a4 16. Rfe1 Qa5 17. Qc2 Rfc8 18. Bf1 Qb4 19. b3 Bf6 20. Bd2 Qc5+ 21. Be3 Qa3 22. Rb1 axb3 23. axb3 b5 24. Bc1 Qc5+ 25. Be3 Qa3 26. Bc1 Qa5 27. Bd2 b4 28. Qd1 Nc5 29. f4 Qb6 30. Kh1 Ra2 31. Be3 Rca8 32. Bd4 Qc7 33. Bxf6 exf6 34. Qd4 f5 35. Re2 Ne4 36. Rbe1 Qc5 37. Qxc5 Nxc5 38. Rxa2 Rxa2 39. Re8+ Kg7 40. Rb8 Nxb3 41. Rxb4 Ra1 42. g3 Rxf1+ 43. Kg2 Rb1 44. Rb6 Nd2 45. Rxd6 Nxc4 46. Rd8 Rb2+ 47. Kf3 Rd2 48. h3 Nb6 49. d6 Kf6 0-1

[Event "Belt and Road Women 2024"]
[Site "Yuecheng Shaoxing"]
[Date "2024.07.25"]
[Round "2.11"]
[White "Yan, Tianqi"]
[Black "Li, Xueyi"]
[Result "1-0"]
[ECO "B12"]
[WhiteElo "2306"]
[BlackElo "2209"]
[Annotator "RC"]
[PlyCount "101"]
[EventDate "2024.08.01"]
[EventType "swiss"]
[EventCountry "CHN"]
[SourceTitle "playchess.com"]
[Source "ChessBase"]
[SourceQuality "1"]
[TimeControl "5400+30"]

1. e4 c6 2. d4 d5 3. e5 Bf5 4. h4 a6 5. Nc3 h5 6. Na4 e6 7. a3 Nd7 8. b4 a5 9. b5 Qc7 10. Be3 Ne7 11. Nf3 Bg4 12. c4 cxb5 13. cxb5 Nf5 14. Bg5 Bxf3 15. gxf3 Nb6 16. Rc1 Nc4 17. Bxc4 dxc4 18. Rc3 Be7 19. Nb2 Rd8 20. Rxc4 Qd7 21. Bxe7 Qxe7 22. Qa4 O-O 23. Ke2 Qd7 24. Rd1 b6 25. d5 exd5 26. Rc6 Qe7 27. Nd3 d4 28. Rxb6 Rd5 29. Rc6 Nxh4 30. f4 Nf5 31. Qb3 Rdd8 32. b6 Qh4 33. Rg1 Ne7 34. Rc5 Qh2 35. Rgc1 Qg2 36. b7 Rb8 37. Rb5 h4 38. Rc7 h3 39. e6 f5 40. Rxe7 h2 41. Rc7 h1=Q 42. e7+ Kh7 43. exf8=Q Rxf8 44. b8=Q Qe4+ 45. Kd2 Rxb8 46. Rxb8 Qd5 47. Qxd5 Qxd5 48. Rbb7 Qa2+ 49. Ke1 Qxa3 50. Rxg7+ Kh6 51. Rh7+ 1-0

[Event "Belt and Road Women 2024"]
[Site "Yuecheng Shaoxing"]
[Date "2024.07.25"]
[Round "2.12"]
[White "Shuvalova, Polina"]
[Black "Zhang, Xiao"]
[Result "1-0"]
[ECO "B12"]
[WhiteElo "2467"]
[BlackElo "2193"]
[Annotator "TA"]
[PlyCount "80"]
[EventDate "2024.08.01"]
[EventType "swiss"]
[EventCountry "CHN"]
[SourceTitle "playchess.com"]
[Source "ChessBase"]
[SourceQuality "1"]
[TimeControl "5400+30"]

1. e4 c6 2. d4 d5 3. e5 c5 4. Nf3 cxd4 5. Nxd4 Nc6 6. Nxc6 bxc6 7. Bd3 e6 8. O-O {[%emt 0:00:06] The position is equal.} Ne7 9. Nd2 Ng6 10. Nf3 a5 11. Re1 Ba6 12. Bxg6 hxg6 13. c3 Be7 14. Be3 O-O 15. Qa4 Bb5 16. Qc2 c5 17. Rad1 Bc6 18. Qe2 ({White should try} 18. Qd2 $11) 18... Rb8 19. h4 Qb6 (19... Bxh4 20. Bxc5 Be7 21. Bxe7 Qxe7 22. Rd4) 20. Bg5 (20. b3 $15) 20... Bxg5 $17 21. Nxg5 Qxb2 22. Qd3 (22. Qe3 $142) 22... Bb5 (22... Qxa2 23. h5 c4 (23... gxh5 24. Qh7#) 24. Qh3 gxh5 (24... Qc2 $2 25. h6 $18) 25. Qxh5 $11) 23. Qh3 (23. Qe3 $17 {keeps fighting.}) 23... Qc2 (23... Qxa2 24. h5 gxh5 25. Qxh5 $11) (23... Be2 $1 $19 24. Rb1 Qd2 (24... Qxb1 25. Rxb1 Rxb1+ 26. Kh2 $19) (24... Qxa2 25. Ra1 $17)) 24. Rc1 Qf5 {[%emt 0:01:35] ...Qxh3 would now be deadly.} (24... Qxa2 25. h5 gxh5 26. Ra1) 25. Qe3 Rfc8 26. f3 {[%emt 0:08:07] [#]} Qd3 {[%emt 0:03:46] Dodges Red1. And now ...Qxe3+ would win.} 27. Qf2 (27. Qf4 $17 Rc7 28. Red1) 27... Ba4 (27... Rb7 $19 {and Black stays clearly on top. White must now prevent ...Qc4.} 28. Nh3 Qc4) 28. Kh2 (28. Re3 $142 Qf5 29. Ree1) 28... Rb7 29. c4 Rbc7 (29... d4 $17 {...Rcb8 is the strong threat.} 30. Ne4 Rb4) 30. Re3 {[%emt 0:02:13] [#]} (30. cxd5 $11 {keeps the balance.} Qxd5 31. Qg3) 30... Qd4 $1 $36 {[%emt 0:02:02][%mdl 2048] Black has strong initiative.} 31. f4 Rb7 (31... dxc4 $17 32. Qg3 Bc6) 32. Rcc3 (32. cxd5 $15 Rb2 (32... exd5 33. Qf3 $15) (32... Qxd5 33. Rec3 $11) 33. Qf3 Qxd5 (33... exd5 34. h5 $11) 34. Rec3) 32... dxc4 $19 33. Ne4 (33. Kg3 $142) 33... Rcb8 {[%emt 0:00:17] Hoping for ...Bc6.} 34. h5 $2 (34. Re1 Qxf2 35. Nxf2) 34... Bc6 35. Qe2 Bxe4 36. Rxc4 {[%emt 0:00:08] [#] Black has a decisive advantage.} Rb2 $1 37. Rxd4 Rxe2 38. Rxe2 cxd4 39. Rxe4 gxh5 {[%emt 0:00:37] aiming for ...Rb4.} 40. Rxd4 Rb4 {[%emt 0:02:36][%mdl 32768] Weighted Error Value: White=0.43/Black=0.31.  Mistake:       	White=10    	Black=4      Inaccurate:     	---       	Black=3      OK:         	White=8     	Black=16     Best:        	White=1     	Black=1      Strong:       	---       	Black=1     . Loss on time!?} 1-0

[Event "Belt and Road Women 2024"]
[Site "Yuecheng Shaoxing"]
[Date "2024.07.25"]
[Round "2.13"]
[White "Mammadzada, Gunay"]
[Black "Ha, Yihan"]
[Result "1-0"]
[ECO "E11"]
[WhiteElo "2444"]
[BlackElo "2166"]
[Annotator "RC"]
[PlyCount "83"]
[EventDate "2024.08.01"]
[EventType "swiss"]
[EventCountry "CHN"]
[SourceTitle "playchess.com"]
[Source "ChessBase"]
[SourceQuality "1"]
[TimeControl "5400+30"]

1. d4 Nf6 2. c4 e6 3. g3 d5 4. Bg2 Bb4+ 5. Bd2 Be7 6. Nf3 O-O 7. O-O c6 8. Qc2 Nbd7 9. Rc1 b6 10. a4 a5 11. cxd5 cxd5 12. Na3 Ba6 13. Nb5 Bxb5 14. axb5 Bd6 15. e3 Rc8 16. Qd1 Qe7 17. Bf1 Ne4 18. Be1 h6 19. Rc6 Rc7 20. Rxc7 Bxc7 21. Rc1 Bd6 22. Rc6 Qd8 23. Qa4 Nb8 24. Rc1 Qe7 25. Bd3 f5 26. Nh4 Kh7 27. Qc2 g5 28. Ng2 Kg7 29. f3 Nf6 30. Bf2 g4 31. Nh4 Qd7 32. e4 fxe4 33. fxe4 dxe4 34. Be2 Qf7 35. Rf1 Qh5 36. Be3 Nbd7 37. Qc6 Bb8 38. Qxe6 Re8 39. Qc6 Rf8 40. Bc4 Kh7 41. Be6 Qe8 42. Bxd7 1-0

[Event "Belt and Road Women 2024"]
[Site "Yuecheng Shaoxing"]
[Date "2024.07.25"]
[Round "2.14"]
[White "Chen, Yining"]
[Black "Zhang, Lanlin"]
[Result "1/2-1/2"]
[ECO "E40"]
[WhiteElo "2300"]
[BlackElo "2161"]
[Annotator "RC"]
[PlyCount "175"]
[EventDate "2024.08.01"]
[EventType "swiss"]
[EventCountry "CHN"]
[SourceTitle "playchess.com"]
[Source "ChessBase"]
[SourceQuality "1"]
[TimeControl "5400+30"]

1. d4 Nf6 2. c4 e6 3. Nc3 Bb4 4. e3 d5 5. a3 Bxc3+ 6. bxc3 O-O 7. a4 b6 8. Ba3 Re8 9. Nf3 Ba6 10. Qb3 Nc6 11. Bb4 e5 12. cxd5 Bxf1 13. Kxf1 Nxd5 14. dxe5 Nxe5 15. Rd1 Nxf3 16. Qxd5 Qxd5 17. Rxd5 Ne5 18. Ke2 f5 19. g3 Rad8 20. Rhd1 Rc8 21. Ba3 c6 22. R5d4 c5 23. Rd5 Rc7 24. Bc1 g6 25. h3 Kf7 26. Kf1 Rce7 27. Kg2 Re6 28. Rh1 R6e7 29. Rhd1 Re6 30. Kf1 R6e7 31. Ke2 Nc4 32. Rd7 Ke6 33. Rxe7+ Kxe7 34. g4 Ke6 35. f3 a6 36. gxf5+ gxf5 37. Rg1 Kf6 38. Rd1 Ke6 39. Rg1 Kf6 40. Rd1 Rg8 41. Kf2 Ke6 42. e4 fxe4 43. Re1 Ne5 44. Rxe4 Kd5 45. Bf4 Nd3+ 46. Ke3 Nxf4 47. c4+ Kc6 48. Rxf4 Rg6 49. Rh4 h6 50. f4 b5 51. axb5+ axb5 52. cxb5+ Kxb5 53. f5 Rc6 54. Rf4 c4 55. f6 c3 56. f7 c2 57. Rf1 c1=Q+ 58. Rxc1 Rf6 59. Ke4 Rxf7 60. Rc3 Kb6 61. Ke5 Rf1 62. h4 h5 63. Rc4 Kb5 64. Re4 Kc6 65. Ke6 Rc1 66. Kf6 Rc5 67. Kg6 Kd7 68. Kh6 Ra5 69. Re1 Rb5 70. Kg6 Ra5 71. Re4 Rb5 72. Kf6 Ra5 73. Re7+ Kd8 74. Rh7 Ke8 75. Rh8+ Kd7 76. Rh7+ Kd6 77. Kg6 Ke6 78. Rh8 Ke7 79. Rg8 Rb5 80. Rg7+ Ke6 81. Ra7 Rc5 82. Kh6 Kf6 83. Ra6+ Kf7 84. Ra4 Rf5 85. Ra7+ Kf6 86. Ra6+ Kf7 87. Ra7+ Kf6 88. Ra6+ 1/2-1/2

[Event "Belt and Road Women 2024"]
[Site "Yuecheng Shaoxing"]
[Date "2024.07.25"]
[Round "2.15"]
[White "Wang, Chuqiao"]
[Black "Gu, Xiaobing"]
[Result "0-1"]
[ECO "E62"]
[WhiteElo "2278"]
[BlackElo "2135"]
[Annotator "RC"]
[PlyCount "62"]
[EventDate "2024.08.01"]
[EventType "swiss"]
[EventCountry "CHN"]
[SourceTitle "playchess.com"]
[Source "ChessBase"]
[SourceQuality "1"]
[TimeControl "5400+30"]

1. d4 Nf6 2. c4 g6 3. Nc3 Bg7 4. g3 d6 5. Nf3 O-O 6. Bg2 Nc6 7. O-O Rb8 8. Bd2 e5 9. d5 Ne7 10. e4 c5 11. a3 Ne8 12. b4 b6 13. Ne1 f5 14. Nd3 fxe4 15. Nxe4 Nf5 16. Rb1 Ba6 17. b5 Bc8 18. Nc3 Rb7 19. a4 Rbf7 20. Ne4 h6 21. Bc3 a5 22. Qd2 Nf6 23. Rbe1 Nxe4 24. Bxe4 h5 25. f4 Bh6 26. Qe2 exf4 27. Nxf4 Qg5 28. Ne6 Nxg3 29. Nxg5 Nxe2+ 30. Kg2 Rxf1 31. Bxg6 R8f2# 0-1

[Event "Belt and Road Women 2024"]
[Site "Yuecheng Shaoxing"]
[Date "2024.07.25"]
[Round "2.16"]
[White "Hu, Jiani"]
[Black "Soumya, Swaminathan"]
[Result "0-1"]
[ECO "B59"]
[WhiteElo "2148"]
[BlackElo "2258"]
[Annotator "RC"]
[PlyCount "136"]
[EventDate "2024.08.01"]
[EventType "swiss"]
[EventCountry "CHN"]
[SourceTitle "playchess.com"]
[Source "ChessBase"]
[SourceQuality "1"]
[TimeControl "5400+30"]

1. e4 c5 2. Ne2 Nc6 3. Nbc3 d6 4. d4 cxd4 5. Nxd4 Nf6 6. Be2 e5 7. Nb3 Be7 8. Be3 O-O 9. O-O a5 10. Bf3 a4 11. Nd2 a3 12. bxa3 Rxa3 13. Nb3 Nb8 14. h3 Bd7 15. Bg5 Qc8 16. Bxf6 Bxf6 17. Nd5 Bd8 18. Ne3 Qc6 19. Qd3 g6 20. Rfd1 Ra6 21. a4 Be6 22. Qb5 Nd7 23. Qxc6 Rxc6 24. Be2 Nf6 25. Bb5 Rc3 26. Nd2 Bb6 27. Nec4 Bxc4 28. Nxc4 Bd4 29. Nxd6 Rxc2 30. Rac1 Bxf2+ 31. Kf1 Rb2 32. Rb1 Rxb1 33. Rxb1 Rd8 34. Kxf2 Rxd6 35. Rb4 b6 36. Ke3 Kg7 37. Rc4 h5 38. Rc7 g5 39. Bc4 Rd7 40. Rc6 Rd4 41. Bd5 Rxa4 42. Rxb6 Nxd5+ 43. exd5 Rd4 44. Rd6 h4 45. Kf3 Kf8 46. Ke3 Ke7 47. Ra6 f6 48. Ra7+ Kf8 49. Ra5 Kf7 50. Ra7+ Ke8 51. Ra6 Kf7 52. Ra7+ Kg6 53. Ra5 Kf5 54. Rb5 Rd1 55. Ke2 Ra1 56. Rb2 Ra7 57. Ke3 Ra3+ 58. Ke2 Rg3 59. Ke1 Rd3 60. Rb5 e4 61. Rb2 Ke5 62. Rb6 Rxd5 63. Ke2 Kf4 64. Kf2 f5 65. Kf1 e3 66. Ke2 Rd2+ 67. Kf1 Rf2+ 68. Kg1 Kg3 0-1

[Event "Belt and Road Women 2024"]
[Site "Yuecheng Shaoxing"]
[Date "2024.07.26"]
[Round "3.1"]
[White "Kurmangaliyeva, Liya"]
[Black "Garifullina, Leya"]
[Result "1/2-1/2"]
[ECO "B23"]
[WhiteElo "2282"]
[BlackElo "2458"]
[Annotator "TA"]
[PlyCount "99"]
[EventDate "2024.08.01"]
[EventType "swiss"]
[EventCountry "CHN"]
[SourceTitle "playchess.com"]
[Source "ChessBase"]
[SourceQuality "1"]
[TimeControl "5400+30"]

1. e4 c5 2. Nc3 d6 3. d4 cxd4 4. Qxd4 Nc6 5. Qd2 g6 6. b3 {[%emt 0:00:17] B23: Closed Sicilian: Lines without g3.} Bh6 7. f4 Nf6 8. Bb2 e5 9. g3 O-O 10. O-O-O Nd4 11. Nge2 Bg4 12. Nxd4 Bxd1 (12... exd4 $11 13. Qxd4 Bxd1 14. Nxd1 Bg7) 13. Nxd1 (13. Qxd1 $16 {Ndb5 would now be deadly.} exd4 14. Qxd4) 13... exd4 $11 14. Qxd4 Bg7 15. Bg2 a5 $146 ({Predecessor:} 15... Qb6 16. Qxb6 axb6 17. a4 Rfe8 18. Re1 Rac8 19. Kb1 Nd5 20. c4 Nb4 21. Re3 d5 {0-1 Giannoulis,G (1854)-Tzortzatos,D (1832) GRE-ch U16 Peristeri 2023 (9)}) 16. a4 Rb8 17. Nc3 Ne8 18. Qd3 Qb6 19. Nb5 (19. Ba3 $16) 19... Qf2 20. Bh3 Bxb2+ 21. Kxb2 Ra8 22. Qc3 (22. Nxd6 Nxd6 23. Qxd6 Rfd8 $15) 22... Ra6 (22... Rd8 $14) 23. Bd7 $16 Qg2 24. Re1 Qxh2 25. e5 dxe5 26. fxe5 Qf2 (26... Qh6 $142) 27. e6 $16 fxe6 28. Bxe6+ Rxe6 29. Rxe6 Qf7 30. Rb6 Nf6 (30... Qd5 $16 31. Qxa5 Rf6) 31. Nd6 Nd5 32. Nxf7 (32. Qxa5 $2 Qf6+ 33. Ka2 Nxb6 34. Qxb6 Rd8 $19) (32. Rxb7 $2 Qxb7 33. Nxb7 Nxc3 34. Kxc3 h5 35. Nxa5 g5 $19 (35... Rf3+ $2 36. Kb4 $19)) 32... Nxc3 33. Nd6 (33. Rxb7 Nxa4+ 34. bxa4 Rxf7 $11) 33... Ne2 34. Rxb7 (34. Nxb7 $16 Nxg3 35. Nxa5) 34... Nxg3 $11 35. c4 h5 36. c5 h4 $2 (36... Nf5 $16) 37. c6 $18 h3 38. c7 h2 39. Rb8 (39. c8=B $2 Rf2+ (39... h1=R 40. Be6+ Kh8 41. Nf7+ Kg7 42. Ra7 $19) 40. Kc3 h1=Q $19 (40... h1=R $2 41. Be6+ Kf8 42. Kd4 $19)) 39... h1=Q 40. Rxf8+ (40. c8=B Rf2+ 41. Kc3 Ne2+ 42. Kd2 Qc1+ 43. Kd3 Qc3+ 44. Ke4 Qd4#) 40... Kxf8 41. c8=Q+ (41. c8=R+ $2 {perishes.} Ke7 42. Nc4 Qd5 (42... Qb7 $2 43. Rc5 $19) 43. Rc7+ Kf6 $19) 41... Ke7 42. Qc7+ Ke6 {[%emt 0:00:28] [#]} 43. Nc4 $2 (43. Qb6 $1 $18 {is the precise move to win.}) 43... Qe1 $16 44. Qc6+ (44. Qc5 {simplifies} Kf6 45. Nxa5 Qe5+ 46. Qxe5+ Kxe5 47. b4) 44... Kf5 45. Nd6+ ({White should try} 45. Qd7+ $16 Kg5 46. Qd8+ Kf4 47. Qd6+ (47. Qxa5 Qxa5 48. Nxa5 g5 $16) (47. Nxa5 Ne4 $16) 47... Kf5 48. Qd3+ Kf6 49. Qd8+ Kf5 50. Qd3+ (50. Nxa5 Ne2 $16) (50. Qxa5+ Qxa5 51. Nxa5 Ke6 $16) 50... Kf6 51. Qd6+ Kg7 52. Nxa5) 45... Kf4 $11 46. Qc4+ Ke5 47. Qc5+ Kf4 48. Qc4+ Ke5 49. Qc5+ ({White should play} 49. Nb7 $11) 49... Kf4 $14 50. Qc4+ (50. Qd4+ $14 Kg5 51. Nc4) 1/2-1/2